 Dungeon Crawl Stone Soup version 0.29.1-15-g9cfb28693d (webtiles) character file.

Game seed: 14623787811908190391

20648 MisterOn the Thaumaturge (level 13, -6/100 HPs)
             Began as a Meteoran Fire Elementalist on Apr 13, 2023.
             Was a High Priest of Ru.
             Mangled by an alligator (10 damage)
             ... on level 1 of the Swamp.
             The game lasted 00:58:30 (7886 turns).

MisterOn the Thaumaturge (MeFE)                     Turns: 7886, Time: 00:58:31

Health: -6/100     AC:  4    Str: 15    XL:     13   Next: 43%
Magic:  28/39      EV: 15    Int: 19    God:    Ru [*****.]
Gold:   556        SH:  0    Dex: 15    Spells: 1/36 levels left

rFire   . . .      SeeInvis .   k - +0 war axe (freeze)
rCold   + . .      Faith    .   (shield unavailable)
rNeg    . . .      Spirit   .   p - +2 robe {rC+}
rPois   .          Reflect  .   (no helmet)
rElec   .          Harm     .   (no cloak)
rCorr   .          Rampage  .   (no gloves)
Will    .....                   (no boots)
Stlth   ..........              b - amulet of regeneration
HPRegen 1.06/turn               (ring unavailable)
MPRegen 0.26/turn               F - ring "Vuleunt" {MP+9 Str+2}

@: glowing, very slow
A: sense surroundings 2, missing a hand, no stealth, weak-willed 1,
otherworldly, glowing, explore regen
a: Renounce Religion, Draw Out Power, Power Leap, Apocalypse


You were on level 1 of the Swamp.
You worshipped Ru.
Ru was extremely pleased with you.
You visited 4 branches of the dungeon, and saw 14 of its levels.
You also visited: Ossuary and Bailey.

You collected 831 gold pieces.
You spent 275 gold pieces at shops.

Inventory:

Hand Weapons
 k - a +0 war axe of freezing (weapon)
Missiles
 q - 7 boomerangs
 E - 6 javelins
Armour
 a - a +0 robe
 p - a +2 robe of cold resistance (worn)
Jewellery
 b - an amulet of regeneration (around neck)
 o - a ring of willpower
 u - a +4 ring of protection
 z - a ring of positive energy
 F - the ring "Vuleunt" (right hand) {MP+9 Str+2}
   (You acquired it on level 2 of the Lair of Beasts)

   [ring of magical power]

   Str:       It affects your strength (+2).
   MP:        It affects your magic capacity (+9).
Wands
 g - a wand of digging (9)
 x - a wand of roots (4)
 C - a wand of polymorph (3)
Scrolls
 m - a scroll of immolation
 n - 4 scrolls of teleportation
 t - 3 scrolls of fog
 w - a scroll of vulnerability
 y - a scroll of torment
 B - 2 scrolls of enchant armour
 D - a scroll of magic mapping
Potions
 c - 3 potions of lignification {unknown}
 d - 5 potions of attraction {unknown}
 e - 3 potions of flight
 f - 3 potions of berserk rage {unknown}
 h - 2 potions of cancellation {unknown}
 i - a potion of invisibility {unknown}
 j - 2 potions of mutation {unknown}
 l - 4 potions of curing
 r - 2 potions of brilliance {unknown}
 s - 4 potions of heal wounds {unknown}
 v - 2 potions of might {unknown}
 A - a potion of magic


   Skills:
 * Level 5.3 Fighting
 * Level 6.2 Axes
 * Level 4.5 Throwing
 * Level 6.8 Dodging
 * Level 12.1 Spellcasting
 * Level 6.2 Conjurations
 * Level 6.0 Hexes
 * Level 4.3 Necromancy
 * Level 4.4 Transmutations
 * Level 11.0 Fire Magic
 * Level 4.2 Air Magic
 * Level 5.0 Earth Magic
 * Level 4.4 Poison Magic
 * Level 4.4 Evocations


You had one spell level left.
You knew the following spells:

 Your Spells              Type           Power      Damage    Failure   Level
a - Foxfire               Conj/Fire      100%       2x1d9     1%          1
b - Scorch                Fire           100%       2d10      1%          2
c - Inner Flame           Hex/Fire       44%        N/A       1%          3
d - Flame Wave            Conj/Fire      44%        2d11      1%          4
e - Stone Arrow           Conj/Erth      64%        3d11      1%          3
f - Dispel Undead         Necr           28%        3d13      10%         4
g - Passwall              Tmut/Erth      24%        N/A       1%          2
h - Mephitic Cloud        Conj/Pois/Air  30%        N/A       2%          3
i - Ignite Poison         Fire/Tmut/Pois 36%        N/A       1%          3
j - Starburst             Conj/Fire      22%        6d7       26%         6
k - Olgreb's Toxic Radia  Pois           28%        N/A       10%         4

Your spell library contained the following spells:

 Spells                   Type           Power      Damage    Failure   Level
 Magic Dart               Conj           100%       1d8       1%          1
 Necrotise                Necr           100%       1d9       1%          1
 Sandblast                Erth           60%        2d14      1%          1
 Sting                    Tmut/Pois      100%       1d8       1%          1
 Apportation              Tloc           22%        N/A       6%          1
 Summon Small Mammal      Summ           44%        N/A       6%          1
 Poisonous Vapours        Pois/Air       54%        N/A       1%          2
 Static Discharge         Conj/Air       31%        3-7/arc   1%          2
 Sublimation of Blood     Necr           28%        N/A       1%          2
 Wereblood                Tmut           28%        N/A       1%          2
 Conjure Flame            Conj/Fire      44%        6-21      1%          3
 Sticky Flame             Conj/Fire      44%        2d6       1%          4
 Fulminant Prism          Conj/Hex       17%        3d11      4%          4
 Iskenderun's Mystic Bla  Conj/Tloc      23%        2d6       17%         4
 Frozen Ramparts          Ice            22%        1d4       19%         3
 Gell's Gravitas          Tloc           11%        N/A       19%         3
 Lesser Beckoning         Tloc           11%        N/A       19%         3
 Teleport Other           Tloc           11%        N/A       19%         3
 Irradiate                Conj/Tmut      15%        3d16      19%         5
 Lightning Bolt           Conj/Air       15%        1d29      19%         5
 Animate Armour           Summ/Erth      42%        N/A       22%         4
 Ice Form                 Ice/Tmut       19%        N/A       24%         4
 Blade Hands              Tmut           14%        N/A       26%         5
 Freezing Cloud           Conj/Ice/Air   12%        6-21      36%         5
 Summon Mana Viper        Hex/Summ       23%        N/A       43%         5
 Summon Ice Beast         Ice/Summ       11%        N/A       52%         4
 Dispersal                Tloc           5%         N/A       100%        6
 Dragon Form              Tmut           14%        N/A       100%        7
 Monstrous Menagerie      Summ           5%         N/A       100%        7
 Summon Hydra             Summ           5%         N/A       100%        7
 Borgnjor's Revivificati  Necr           14%        N/A       100%        8
 Disjunction              Tloc           5%         N/A       100%        8
 Maxwell's Capacitive Co  Air            13%        ∞         100%        8


Dungeon Overview and Level Annotations

Branches:
Dungeon (10/15) Zot: 224   Temple (1/1) D:4 Zot: 493    Lair (2/5) D:10 Zot: 141
  Swamp (1/4) Lair:2 Zot: 571 Ossuary (visited)          Bailey (visited)
  Snake: Lair:2-3    Spider: Lair:2-3       Orc: D:9-12

Altars:
Ashenzari
Cheibriados
Dithmenos
Elyvilon
Fedhas
Gozag
Hepliaklqana
Kikubaaqudgha
Makhleb
Nemelex Xobeh
Okawaru
Qazlal
Ru
Sif Muna
Trog
Uskayaw
Vehumet
Wu Jian
Xom
Yredelemnul
Zin
The Shining One

Shops:
D:5 *[!*

Annotations:
D:8 2 transporters, mkat's ghost, novice DsMo
D:10 Lodul


Innate Abilities, Weirdness & Mutations

You passively map the area around you.
You are missing a hand.
You cannot be stealthy.
You are slightly weak-willed. (Will-)
You are easily found by Zot.
You glow in the dark.
You regain HP and MP as you explore.


Message History

The bunyip is almost dead.
You are engulfed in a cloud of scalding steam.
The bunyip is engulfed in a cloud of scalding steam.
The bunyip claws you! x2
The bunyip claws you but does no damage.
Casting: Scorch (safe; 1% risk of failure)
Confirm with . or Enter, or press ? or * to list all spells.
Flames lash the bunyip.
The bunyip is burned terribly!
You kill the bunyip!
You are engulfed in a cloud of scalding steam.
Unknown command.
You are engulfed in a cloud of scalding steam.
An alligator comes into view.
You redirect the alligator's attack!
Press: ? - help, v - describe, . - travel
Here: an alligator Some shallow water.
Casting: Scorch (safe; 1% risk of failure)
Confirm with . or Enter, or press ? or * to list all spells.
Casting: Flame Wave (mildly dangerous; 1% risk of failure)
Press: ? - help, Dir - look around, f - activate A wave of flame ripples out! (Press . to intensify the flame waves.) Unknown command.
A wave of flame ripples out!
The flame wave engulfs the alligator!
The alligator is moderately wounded.
The alligator puts on a burst of speed!
Unknown command.
You enter the shallow water.
Moving in this stuff is going to be slow.
You are engulfed in a cloud of scalding steam.
You are engulfed in a cloud of scalding steam.
The alligator is engulfed in a cloud of scalding steam.
The alligator bites you!!
* * * LOW HITPOINT WARNING * * *
The alligator tail-slaps you!
* * * LOW HITPOINT WARNING * * *
The alligator is engulfed in a cloud of scalding steam.
The alligator bites you!
You die...

,,, ♣..~.([..♣
*~~~~, ,
♣~......♣*♣.~~. * ,
, ♣♣..~...♣♣..~..~ *
, ♣§.♣~§~~..~~~..
,** ♣..~.§§§..~~~.~
, ~ , , ~
♣♣~~..>.§.~~~.♣*,~~
~ ♣♣♣.....§..~~.!
.♣♣~..§§.t§...... ,
, ,
........~@§~...~~ ~
, ,
........§.§~§/~~~ ,
~
~....§.~.♣.♣♣♣~.>.~,
, , ~.....~~.~♣*
♣...,, *
~........♣♣§* *♣♣. *
* * ♣♣♣..♣♣>. ♣♣ * *
~ ♣~.. ... * ♣♣..
~.~ * ♣♣ ♣♣♣♣


You could see an alligator (swift).

Vanquished Creatures
  A bunyip (Swamp:1)
  A boulder beetle (D:10)
  A hydra (D:8)
  2 two-headed ogres
  Nergalle (Lair:1)
  A goliath frog (Swamp:1)
  3 black mambas
  An elephant (Lair:2)
  Joseph (D:10)
  A cane toad (Lair:2)
  3 kobold demonologists (D:9)
  3 komodo dragons
  Grinder (D:3)
  2 trolls (D:10)
  9 blink frogs
  A shadow (D:10)
  A wraith (D:9)
  5 spriggans (Bailey)
  18 yaks
  4 steam dragons
  Eustachio (D:3)
  2 vampire mosquitoes (D:10)
  2 basilisks
  6 water moccasins
  A swamp worm (Lair:2)
  Duvessa (D:7)
  An ice beast (D:8)
  A sky beast (D:7)
  A black bear (D:6)
  An orc warrior (D:6)
  12 ogres
  3 kobold brigands
  11 bullfrogs
  An elf zombie (Ossuary)
  3 necrophages
  2 scorpions
  5 wights (D:9)
  Dowan (D:7)
  A killer bee (D:10)
  4 centaur zombies (Ossuary)
  5 hounds
  4 jellies
  3 human zombies (Ossuary)
  8 orc priests
  5 iguanas
  9 orc wizards
  3 hound zombies (Ossuary)
  3 mummies (Ossuary)
  4 gnolls (D:5)
  10 adders
  A shadow imp (D:6)
  A white imp (D:7)
  An ufetubus (D:6)
  An adder zombie (Ossuary)
  A dart slug (D:3)
  32 orcs
  3 ball pythons
  4 endoplasms
  3 giant cockroaches
  7 goblins
  7 hobgoblins
  3 jackals (D:1)
  5 quokkas
  5 bats
  A frilled lizard (D:1)
  2 goblin zombies (Ossuary)
  5 hobgoblin zombies (Ossuary)
  4 jackal zombies (Ossuary)
  15 kobolds
  A kobold zombie (Ossuary)
  2 orc zombies (Ossuary)
  3 quokka zombies (Ossuary)
  3 rats
  4 rat zombies (Ossuary)
  A spectral orc (D:9)
289 creatures vanquished.

Vanquished Creatures (others)
  2 elephants (Lair:2)
  A komodo dragon (Lair:2)
  A centaur (D:9)
  An orc (D:7)
  A kobold (D:7)
  111 foxfires
  13 fungi
  12 plants
  4 toadstools (D:6)
146 creatures vanquished.

Grand Total: 435 creatures vanquished

Notes
Turn   | Place    | Note
-------+----------+-------------------------------------------
     0 | D:1      | MisterOn the Meteoran Fire Elementalist began the quest for
                  | the Orb.
     0 | D:1      | Reached XP level 1. HP: 14/14 MP: 5/5
    64 | D:1      | Reached XP level 2. HP: 17/20 MP: 0/6
    67 | D:1      | Learned a level 2 spell: Scorch
   362 | D:1      | Reached XP level 3. HP: 12/26 MP: 2/8
   363 | D:1      | Reached skill level 3 in Spellcasting
   500 | D:1      | Glimpsed the power of Zot.
   513 | D:1      | Learned a level 3 spell: Inner Flame
   609 | D:3      | Reached skill level 1 in Fighting
   646 | D:3      | Reached XP level 4. HP: 33/35 MP: 1/10
   911 | D:4      | Noticed Eustachio
   924 | D:4      | Reached XP level 5. HP: 40/40 MP: 1/11
  1017 | D:3      | Killed Eustachio
  1018 | D:3      | Reached skill level 4 in Spellcasting
  1018 | D:3      | Reached skill level 1 in Hexes
  1018 | D:3      | Reached skill level 5 in Fire Magic
  1018 | D:3      | Reached XP level 6. HP: 11/47 MP: 2/13
  1042 | D:3      | Found a broken altar of Ashenzari.
  1121 | D:3      | Noticed Grinder
  1136 | D:3      | Killed Grinder
  1137 | D:3      | Reached skill level 5 in Spellcasting
  1137 | D:3      | Reached XP level 7. HP: 11/52 MP: 1/16
  1201 | D:4      | Found a staircase to the Ecumenical Temple.
  1219 | D:4      | Reached skill level 6 in Spellcasting
  1222 | Temple   | Entered the Ecumenical Temple
  1313 | Temple   | Became a worshipper of Ru the Awakened
  1347 | D:4      | Learned a level 4 spell: Flame Wave
  1710 | D:3      | Reached XP level 8. HP: 57/58 MP: 13/18
  1719 | D:3      | Identified a scroll of acquirement
  1720 | D:3      | Acquired MisterOn's Guide on Coarse Iniquitous Deeds
  1726 | D:3      | Learned a level 3 spell: Stone Arrow
  1731 | D:3      | Learned a level 4 spell: Dispel Undead
  1734 | D:3      | Learned a level 2 spell: Passwall
  1872 | D:2      | Found a faded altar of an unknown god.
  2401 | D:1      | Glimpsed the power of Zot.
  2418 | D:1      | You fall into a shaft and drop 1 floor!
  2452 | D:2      | Glimpsed the power of Zot.
  2491 | D:4      | Glimpsed the power of Zot.
  2500 | D:4      | Touched by the power of Zot.
  2507 | D:5      | Entered Level 5 of the Dungeon
  2511 | D:5      | Found Majos's Assorted Antiques.
  2512 | D:5      | Gained mutation: You are missing a hand. [Ru sacrifice]
  2512 | D:5      | Reached * piety under Ru
  2512 | D:5      | Reached ** piety under Ru
  2512 | D:5      | Reached *** piety under Ru
  2514 | D:5      | Found Tink's Distillery.
  2516 | D:5      | Found Meuxidgh's Armour Shop.
  2517 | D:5      | Found Haijoutu's General Store.
  2523 | D:5      | Bought a runed robe for 92 gold pieces
  2523 | D:5      | Bought a scroll of identify for 50 gold pieces
  2523 | D:5      | Bought a scroll labelled BIAGHU HOACAO for 25 gold pieces
  2603 | D:5      | Found a glowing silver altar of Zin.
  2642 | D:5      | Found an opulent altar of Gozag.
  2737 | D:5      | Found a sand-covered staircase.
  2772 | Ossuary  | Entered an ossuary
  2797 | Ossuary  | Reached skill level 1 in Axes
  3097 | Ossuary  | Reached skill level 7 in Spellcasting
  3127 | Ossuary  | Gained mutation: You passively map the area around you.
                  | [Meteoran growth]
  3127 | Ossuary  | Reached XP level 9. HP: 58/67 MP: 0/20
  3240 | D:5      | Bought a potion of flight for 36 gold pieces
  3240 | D:5      | Bought a potion of curing for 36 gold pieces
  3240 | D:5      | Bought a potion of curing for 36 gold pieces
  4110 | D:6      | Learned a level 3 spell: Mephitic Cloud
  4202 | D:6      | Glimpsed the power of Zot.
  4234 | D:7      | Found a radiant altar of Vehumet.
  4245 | D:7      | Reached skill level 8 in Spellcasting
  4356 | D:7      | Reached XP level 10. HP: 54/77 MP: 10/23
  4357 | D:7      | Reached skill level 5 in Dodging
  4378 | D:7      | Noticed Duvessa
  4385 | D:7      | Killed Duvessa
  4387 | D:7      | Noticed Dowan
  4395 | D:7      | Gained mutation: You are slightly weak-willed. (Will-) [Ru
                  | sacrifice]
  4395 | D:7      | Reached **** piety under Ru
  4471 | D:7      | Killed Dowan
  4800 | D:7      | Glimpsed the power of Zot.
  4850 | D:7      | Glimpsed the power of Zot.
  4951 | D:8      | Found an iron altar of Okawaru.
  4995 | D:8      | Found a transporter.
  5009 | D:8      | Found a transporter.
  5013 | D:8      | Noticed mkat's ghost (novice DsMo)
  5063 | D:8      | Noticed a moth of wrath
  5157 | D:8      | Reached skill level 1 in Necromancy
  5207 | D:8      | Reached skill level 9 in Spellcasting
  5286 | D:8      | Learned a level 3 spell: Ignite Poison
  5345 | D:8      | Noticed an eight-headed hydra
  5353 | D:8      | Killed an eight-headed hydra
  5354 | D:8      | Reached skill level 1 in Throwing
  5354 | D:8      | Reached skill level 1 in Transmutations
  5354 | D:8      | Reached skill level 1 in Air Magic
  5354 | D:8      | Reached skill level 1 in Poison Magic
  5354 | D:8      | Reached skill level 1 in Evocations
  5399 | D:8      | Glimpsed the power of Zot.
  5758 | D:9      | Noticed a kobold demonologist
  5761 | D:9      | Noticed a soul eater
  5763 | D:9      | Killed a kobold demonologist
  5785 | D:9      | Found a basalt altar of Yredelemnul.
  5878 | D:9      | Reached XP level 11. HP: 74/83 MP: 15/25
  5968 | D:9      | Glimpsed the power of Zot.
  5992 | D:10     | Entered Level 10 of the Dungeon
  6010 | D:10     | Reached skill level 10 in Spellcasting
  6076 | D:10     | Noticed Lodul
  6081 | D:10     | Found a flagged portal.
  6086 | D:10     | Noticed Joseph
  6094 | Bailey   | Entered a bailey
  6108 | Bailey   | Reached skill level 5 in Conjurations
  6113 | Bailey   | HP: 1/84 [ogre/+0 halberd (16)]
  6201 | Bailey   | Reached skill level 5 in Axes
  6263 | Bailey   | Noticed a two-headed ogre
  6274 | Bailey   | Gained mutation: You cannot be stealthy. [Ru sacrifice]
  6274 | Bailey   | Reached ***** piety under Ru
  6348 | Bailey   | Killed a two-headed ogre
  6466 | D:10     | Killed Joseph
  6467 | D:10     | Reached skill level 5 in Hexes
  6470 | D:10     | Reached XP level 12. HP: 70/92 MP: 11/27
  6498 | D:10     | Acquired the Book of Battling
  6507 | D:10     | Learned a level 6 spell: Starburst
  6513 | D:10     | Found a staircase to the Lair.
  6632 | D:10     | Noticed a centaur warrior
  6634 | D:10     | Noticed a boulder beetle
  6641 | D:10     | Noticed a two-headed ogre
  6692 | D:10     | Killed a boulder beetle
  6692 | D:10     | Killed a two-headed ogre
  6810 | Lair:1   | Entered Level 1 of the Lair of Beasts
  6812 | Lair:1   | Reached skill level 11 in Spellcasting
  6812 | Lair:1   | Reached skill level 10 in Fire Magic
  7056 | Lair:1   | Noticed Nergalle
  7062 | Lair:1   | Killed Nergalle
  7126 | Lair:1   | Reached skill level 5 in Fighting
  7308 | Lair:2   | Acquired the ring "Vuleunt" {MP+9 Str+2}
  7338 | Lair:2   | Reached XP level 13. HP: 81/100 MP: 15/29
  7610 | Lair:2   | Learned a level 4 spell: Olgreb's Toxic Radiance
  7669 | Lair:2   | Found a staircase to the Swamp.
  7755 | Lair:2   | HP: 5/100 [blink frog (3)]
  7859 | Swamp:1  | Entered Level 1 of the Swamp
  7863 | Swamp:1  | Noticed a bunyip
  7866 | Swamp:1  | Reached skill level 12 in Spellcasting
  7866 | Swamp:1  | Reached skill level 5 in Earth Magic
  7872 | Swamp:1  | Killed a bunyip
  7879 | Swamp:1  | Noticed an alligator
  7886 | Swamp:1  | HP: 4/100 [alligator (12)]
  7886 | Swamp:1  | Mangled by an alligator

Illustrated notes

Levels and vault maps discovered:
D:1:      minmay_arrival_glassed_features, layout_loops_ring
D:2:      layout_loops_corners, shapermc_ecumenical_altar_mp_ritualfount,
          minmay_tromino_i2
D:3:      layout_basic, mainiacjoe_overflow_24_doors, minivault_25,
          minmay_cut_off, uniq_grinder
D:4:      layout_loops_ring, minmay_temple_entry_wispy, roderic_batcave,
          uniq_eustachio
D:5:      layout_rooms, zin_scriptorium,
          nicolae_gozag_cash_rules_everything_around_me, enter_ossuary_3,
          minmay_shop_grid_forest, st_stairs_14, serial_park_tiny_1
D:6:      layout_basic, minmay_gold_behind_fungi
D:7:      layout_rooms, fiery_altar_vehumet, hex_medium,
          hangedman_decor_peaks_small, uniq_duvessa
D:8:      layout_rooms, kennysheep_okawaru_gauntlet,
          gammafunk_ghost_berserking_beasts
D:9:      layout_roguey, yredelemnul_forgotten_temple_becter, grunt_ministairs_7
D:10:     layout_grid_maze, david_lair_shrubbed,
          ploomutoo_gammafunk_ghost_potion_laboratory, enter_bailey_2,
          minmay_mirror_moons_of_madness, uniq_joseph, uniq_lodul,
          uniq_josephine
Temple:   nicolae_temple_elliptical
Lair:1:   layout_big_grid, grunt_megastairs_5, uniq_nergalle
Lair:2:   layout_small_grid, minmay_swamp_entry_worms
Swamp:1:  layout_basic_swamp, serial_swamp_ruin, evilmike_swamp_ruin_rubble_1,
          hangedman_swamp_ruin_wall

Skill      XL: |  1  2  3  4  5  6  7  8  9 10 11 12 13 |
---------------+----------------------------------------+-----
Fire Magic     | 4 5 6 7 8 9 10 11 | 11.0
Spellcasting   | 3 4 5 6 7 8 9 10 11 12 | 12.1
Fighting       | 1 2 3 4 5 |  5.3
Stealth        | 2 3 0 |  0.0
Conjurations   | 2 3 4 5 6 |  6.2
Hexes          | 1 2 3 4 5 6 |  6.0
Dodging        | 3 4 5 6 |  6.8
Axes           | 2 3 4 5 6 |  6.2
Earth Magic    | 3 4 5 |  5.0
Necromancy     | 1 3 4 |  4.3
Throwing       | 1 3 4 |  4.5
Transmutations | 1 3 4 |  4.4
Air Magic      | 1 2 3 4 |  4.2
Poison Magic   | 1 3 4 |  4.4
Evocations     | 1 3 4 |  4.4

Action                   |  1- 3 |  4- 6 |  7- 9 | 10-12 | 13-15 || total
-------------------------+-------+-------+-------+-------+-------++-------
Melee: Unarmed           |     1 |     1 |       |       |       ||     2
       War axe           |       |       |    60 |    38 |    17 ||   115
 Cast: Foxfire           |    14 |    12 |    25 |    15 |       ||    66
       Scorch            |    24 |    25 |   101 |   119 |    22 ||   291
       Inner Flame       |       |     1 |     8 |    10 |       ||    19
       Flame Wave        |       |       |     6 |    15 |     4 ||    25
       Stone Arrow       |       |       |    13 |    22 |       ||    35
       Mephitic Cloud    |       |       |       |     1 |       ||     1
Invok: Sacrifice a Hand  |       |       |     1 |       |       ||     1
       Power Leap        |       |       |       |     5 |       ||     5
       Sacrifice Essence |       |       |       |     1 |       ||     1
       Draw Out Power    |       |       |       |     1 |       ||     1
       Sacrifice Stealth |       |       |       |     1 |       ||     1
       Apocalypse        |       |       |       |     4 |     1 ||     5
Evoke: Wand              |       |       |       |     3 |       ||     3
  Use: Potion            |     1 |       |     2 |     2 |     5 ||    10
       Scroll            |       |       |    10 |    11 |       ||    21
 Stab: Distracted        |       |       |       |     1 |       ||     1
       Paralysed         |       |       |       |       |     4 ||     4
Armor: Robe              |    13 |    11 |    72 |    56 |     7 ||   159
Dodge: Dodged            |    43 |    22 |   104 |    95 |    36 ||   300
